[ AOE2 MATCH · #480138919 ]
UnrankedCelts vs Poles
[ REPLAY ANALYSIS · EXTRACTED FROM THE RECORDED GAME ]
Feudal
10:56
Castle
14:26
Imperial
33:29
| APM avg | 47.1 |
| APM peak | 89 |
| eAPM avg | 22.9 |
| Villagers / military | 157 / 331 |
Focus
⚔️ 35.3% · 🌾 64.7%
Spearman ×234 · Scorpion ×66 · Woad Raider ×10 · Battering Ram ×10 · Mangonel ×7 · Monk ×3
Feudal
11:22
Castle
15:03
Imperial
31:33
| APM avg | 48.9 |
| APM peak | 113 |
| eAPM avg | 25.3 |
| Villagers / military | 191 / 384 |
Focus
⚔️ 48.6% · 🌾 51.4%
Scout Cavalry ×232 · Obuch ×107 · Knight ×32 · Bombard Cannon ×13
Feudal
10:56
Castle
14:57
Imperial
30:53
| APM avg | 37.5 |
| APM peak | 75 |
| eAPM avg | 22.0 |
| Villagers / military | 238 / 261 |
Focus
⚔️ 33.4% · 🌾 66.6%
Militia ×125 · Boyar ×49 · Spearman ×48 · Mangonel ×16 · Scout Cavalry ×15 · Monk ×5
Feudal
12:12
Castle
15:42
Imperial
46:01
| APM avg | 57.9 |
| APM peak | 89 |
| eAPM avg | 30.6 |
| Villagers / military | 227 / 174 |
Focus
⚔️ 38.1% · 🌾 61.9%
Bolas Rider ×142 · Trade Cart ×23 · Mangonel ×15 · Kona ×9 · Spearman ×6 · Petard ×1
Feudal
10:16
Castle
13:41
Imperial
27:23
| APM avg | 37.1 |
| APM peak | 82 |
| eAPM avg | 22.5 |
| Villagers / military | 127 / 728 |
Focus
⚔️ 44.3% · 🌾 55.7%
Karambit Warrior ×459 · Spearman ×253 · Trebuchet (Packed) ×9 · Battering Ram ×6 · Mangonel ×1
Feudal
10:56
Castle
14:26
Imperial
35:10
| APM avg | 70.3 |
| APM peak | 133 |
| eAPM avg | 32.8 |
| Villagers / military | 138 / 113 |
Focus
⚔️ 55.4% · 🌾 44.6%
Conquistador ×95 · Bombard Cannon ×14 · Monk ×1 · Mangonel ×1 · Missionary ×1 · Trebuchet (Packed) ×1
Feudal
10:08
Castle
13:57
Imperial
30:08
| APM avg | 43.2 |
| APM peak | 100 |
| eAPM avg | 27.5 |
| Villagers / military | 234 / 168 |
Focus
⚔️ 29.1% · 🌾 70.9%
Scout Cavalry ×79 · Archer ×69 · Knight ×5 · Scorpion ×5 · Trebuchet (Packed) ×5 · Battering Ram ×3
Feudal
12:17
Castle
15:47
Imperial
30:26
| APM avg | 50.7 |
| APM peak | 109 |
| eAPM avg | 32.8 |
| Villagers / military | 159 / 231 |
Focus
⚔️ 47.0% · 🌾 53.0%
Militia ×178 · Battering Ram ×38 · Trebuchet (Packed) ×6 · Mangonel ×5 · Monk ×3 · Trade Cart ×2
Match map
Initial resources + every placement click. Lines = walls · curves = elevation contours. ◆ gold · ⬟ stone · ● berries · ✦ relic · ◌ wall gap
Your base· ✓ Closed at 14:26 · 0t walls · 2 gate(s)
Mandrake's base· ✓ Closed at 15:03 · 0t walls · 2 gate(s)
daehiise's base· ✓ Closed at 14:57 · 0t walls · 2 gate(s)
MLT | Anna Flank's base· ✓ Closed at 15:42 · 0t walls · 3 gate(s)
Tusky's base· ✓ Closed at 13:41 · 0t walls · 3 gate(s)
JB's base· ✓ Closed at 14:26 · 0t walls · 2 gate(s)
robo_boro's base· ✓ Closed at 13:57 · 0t walls · 3 gate(s)
Mettiu's base· ✓ Closed at 15:47 · 0t walls · 3 gate(s)
Smoothed initial terrain · ◌ = detected wall gap · hover for details
Inputs per minute
— Kiwi - - Mandrake
Build order — Kiwi
First 150 of 517 actions detected
| 0:01 | Create | Villager (Male) |
| 0:01 | Create | Villager (Male) |
| 0:01 | Create | Villager (Male) |
| 0:02 | Build | House |
| 0:03 | Build | House |
| 0:16 | Create | Villager (Male) |
| 0:16 | Create | Villager (Male) |
| 1:29 | Create | Villager (Male) |
| 1:29 | Create | Villager (Male) |
| 1:57 | Create | Villager (Male) |
| 1:58 | Create | Villager (Male) |
| 2:02 | Build | Lumber Camp |
| 2:29 | Create | Villager (Male) |
| 2:30 | Create | Villager (Male) |
| 2:30 | Create | Villager (Male) |
| 2:44 | Create | Villager (Male) |
| 2:44 | Create | Villager (Male) |
| 3:14 | Create | Villager (Male) |
| 3:14 | Create | Villager (Male) |
| 3:50 | Build | House |
| 3:56 | Create | Villager (Male) |
| 3:56 | Create | Villager (Male) |
| 3:57 | Create | Villager (Male) |
| 4:19 | Build | Mill |
| 4:25 | Create | Villager (Male) |
| 4:34 | Create | Villager (Male) |
| 4:34 | Create | Villager (Male) |
| 5:21 | Create | Villager (Male) |
| 5:33 | Create | Villager (Male) |
| 5:56 | Build | House |
| 6:07 | Create | Villager (Male) |
| 6:41 | Create | Villager (Male) |
| 7:00 | Create | Villager (Male) |
| 7:08 | Build | Farm |
| 7:15 | Create | Villager (Male) |
| 7:38 | Build | Farm |
| 7:46 | Create | Villager (Male) |
| 8:00 | Build | Farm |
| 8:03 | Create | Villager (Male) |
| 8:27 | Build | Mining Camp |
| 8:42 | Research | Feudal Age |
| 8:42 | Research | Feudal Age |
| 9:24 | Create | Villager (Male) |
| 9:36 | Build | House |
| 10:06 | Create | Villager (Male) |
| 10:56 | Age | Feudal Age |
| 10:58 | Build | Market |
| 11:00 | Build | Blacksmith |
| 11:45 | Research | Castle Age |
| 11:45 | Research | Castle Age |
| 11:45 | Research | Castle Age |
| 11:46 | Research | Castle Age |
| 12:09 | Research | Double-Bit Axe |
| 12:20 | Research | Horse Collar |
| 12:20 | Research | Horse Collar |
| 12:20 | Research | Horse Collar |
| 12:24 | Build | Farm |
| 12:28 | Build | Farm |
| 12:30 | Build | Farm |
| 12:40 | Build | Barracks |
| 13:08 | Build | Farm |
| 13:22 | Build | Farm |
| 13:25 | Create | Villager (Male) |
| 13:46 | Create | Spearman |
| 13:46 | Create | Spearman |
| 14:08 | Research | Loom |
| 14:21 | Create | Spearman |
| 14:26 | Age | Castle Age |
| 14:35 | Build | Siege Workshop |
| 14:41 | Build | Monastery |
| 14:44 | Create | Spearman |
| 14:45 | Create | Villager (Male) |
| 14:56 | Build | House |
| 15:01 | Build | House |
| 15:13 | Research | Pikeman (upgrade) |
| 15:14 | Create | Villager (Male) |
| 15:27 | Create | Mangonel |
| 15:37 | Create | Villager (Male) |
| 15:56 | Create | Villager (Male) |
| 16:01 | Research | Bow Saw |
| 16:01 | Research | Bow Saw |
| 16:02 | Research | Bow Saw |
| 16:06 | Create | Monk |
| 16:28 | Build | Farm |
| 16:29 | Create | Villager (Male) |
| 16:34 | Create | Spearman |
| 16:44 | Create | Scorpion |
| 16:44 | Create | Scorpion |
| 16:45 | Create | Scorpion |
| 16:50 | Create | Spearman |
| 16:59 | Create | Villager (Male) |
| 16:59 | Create | Villager (Male) |
| 17:16 | Create | Spearman |
| 17:19 | Create | Villager (Male) |
| 17:20 | Build | Farm |
| 17:23 | Build | Lumber Camp |
| 17:45 | Build | Farm |
| 17:46 | Create | Villager (Male) |
| 17:46 | Create | Villager (Male) |
| 17:59 | Create | Mangonel |
| 18:05 | Build | House |
| 18:06 | Build | House |
| 18:19 | Build | Farm |
| 18:22 | Build | House |
| 18:23 | Build | House |
| 18:27 | Research | Scale Mail Armor |
| 18:28 | Research | Scale Mail Armor |
| 18:28 | Research | Scale Mail Armor |
| 18:45 | Create | Villager (Male) |
| 18:51 | Build | Farm |
| 18:54 | Build | Farm |
| 18:58 | Build | Farm |
| 19:11 | Create | Mangonel |
| 19:17 | Create | Spearman |
| 19:22 | Build | Farm |
| 19:24 | Create | Monk |
| 19:50 | Create | Mangonel |
| 19:54 | Create | Villager (Male) |
| 19:54 | Create | Villager (Male) |
| 19:54 | Create | Villager (Male) |
| 20:06 | Create | Spearman |
| 20:07 | Create | Spearman |
| 20:11 | Create | Villager (Male) |
| 20:21 | Build | Town Center |
| 20:31 | Create | Spearman |
| 21:18 | Create | Mangonel |
| 21:25 | Create | Spearman |
| 21:30 | Create | Villager (Male) |
| 21:30 | Create | Villager (Male) |
| 22:04 | Create | Mangonel |
| 22:07 | Create | Spearman |
| 22:07 | Create | Spearman |
| 22:07 | Create | Villager (Male) |
| 22:08 | Create | Villager (Male) |
| 22:08 | Create | Villager (Male) |
| 22:13 | Build | Farm |
| 22:58 | Research | Forging |
| 22:58 | Research | Forging |
| 22:59 | Create | Villager (Male) |
| 22:59 | Create | Villager (Male) |
| 22:59 | Create | Villager (Male) |
| 22:59 | Create | Villager (Male) |
| 23:05 | Build | Town Center |
| 23:29 | Create | Spearman |
| 23:29 | Create | Spearman |
| 23:30 | Create | Villager (Male) |
| 23:30 | Create | Villager (Male) |
| 23:34 | Build | Farm |
| 23:35 | Build | Farm |
| 23:35 | Build | Farm |
Build order — Mandrake
First 150 of 763 actions detected
| 0:02 | Create | Villager (Male) |
| 0:02 | Create | Villager (Male) |
| 0:02 | Create | Villager (Male) |
| 0:03 | Build | House |
| 0:05 | Build | House |
| 0:10 | Create | Villager (Male) |
| 1:28 | Create | Villager (Male) |
| 1:48 | Build | Lumber Camp |
| 2:01 | Create | Villager (Male) |
| 2:14 | Create | Villager (Male) |
| 2:43 | Create | Villager (Male) |
| 3:11 | Create | Villager (Male) |
| 3:37 | Create | Villager (Male) |
| 3:37 | Create | Villager (Male) |
| 3:55 | Build | House |
| 3:57 | Build | House |
| 4:02 | Create | Villager (Male) |
| 4:38 | Create | Villager (Male) |
| 5:02 | Create | Villager (Male) |
| 5:11 | Build | Mill |
| 5:38 | Create | Villager (Male) |
| 5:40 | Create | Villager (Male) |
| 5:58 | Create | Villager (Male) |
| 6:01 | Create | Villager (Male) |
| 6:11 | Create | Villager (Male) |
| 6:28 | Create | Villager (Male) |
| 6:56 | Build | Farm |
| 7:02 | Build | Farm |
| 7:09 | Build | Farm |
| 7:30 | Create | Villager (Male) |
| 8:09 | Create | Villager (Male) |
| 8:10 | Create | Villager (Male) |
| 8:49 | Research | Feudal Age |
| 8:54 | Build | Mining Camp |
| 9:36 | Create | Villager (Male) |
| 9:37 | Create | Villager (Male) |
| 10:27 | Build | Farm |
| 11:22 | Age | Feudal Age |
| 11:23 | Build | Blacksmith |
| 11:29 | Build | Market |
| 11:39 | Research | Horse Collar |
| 12:04 | Research | Double-Bit Axe |
| 12:23 | Research | Castle Age |
| 12:23 | Research | Castle Age |
| 12:45 | Build | Farm |
| 12:50 | Build | Farm |
| 13:07 | Create | Villager (Male) |
| 13:11 | Create | Villager (Male) |
| 14:04 | Build | Mill |
| 14:06 | Build | Farm |
| 14:17 | Create | Villager (Male) |
| 14:54 | Build | Farm |
| 15:03 | Age | Castle Age |
| 15:06 | Build | Town Center |
| 15:14 | Build | Town Center |
| 15:17 | Research | Bow Saw |
| 15:27 | Build | Farm |
| 15:33 | Research | Stone Mining |
| 15:44 | Build | Farm |
| 15:45 | Create | Villager (Male) |
| 15:58 | Build | Farm |
| 16:01 | Create | Villager (Male) |
| 16:07 | Research | Wheelbarrow |
| 16:23 | Build | Farm |
| 16:31 | Build | Farm |
| 16:35 | Create | Villager (Male) |
| 16:40 | Create | Villager (Male) |
| 16:41 | Create | Villager (Male) |
| 16:47 | Create | Villager (Male) |
| 16:51 | Create | Villager (Male) |
| 16:51 | Create | Villager (Male) |
| 16:53 | Create | Villager (Male) |
| 16:54 | Create | Villager (Male) |
| 16:54 | Create | Villager (Male) |
| 16:54 | Create | Villager (Male) |
| 17:04 | Research | Gold Mining |
| 17:24 | Build | Mill |
| 17:25 | Create | Villager (Male) |
| 17:25 | Create | Villager (Male) |
| 17:25 | Create | Villager (Male) |
| 17:33 | Build | Farm |
| 17:47 | Build | Farm |
| 17:51 | Create | Villager (Male) |
| 17:57 | Build | Farm |
| 17:59 | Create | Villager (Male) |
| 17:59 | Create | Villager (Male) |
| 18:01 | Build | Farm |
| 18:22 | Build | Farm |
| 18:22 | Create | Villager (Male) |
| 18:22 | Create | Villager (Male) |
| 18:22 | Create | Villager (Male) |
| 18:29 | Create | Villager (Male) |
| 18:35 | Build | Farm |
| 18:47 | Build | Farm |
| 18:49 | Build | Farm |
| 18:52 | Create | Villager (Male) |
| 18:52 | Create | Villager (Male) |
| 19:13 | Create | Villager (Male) |
| 19:13 | Create | Villager (Male) |
| 19:13 | Create | Villager (Male) |
| 19:28 | Build | Barracks |
| 19:32 | Create | Villager (Male) |
| 19:32 | Create | Villager (Male) |
| 19:33 | Create | Villager (Male) |
| 19:33 | Create | Villager (Male) |
| 19:45 | Build | House |
| 19:49 | Build | House |
| 20:00 | Research | Loom |
| 20:00 | Research | Town Watch |
| 20:03 | Create | Villager (Male) |
| 20:03 | Create | Villager (Male) |
| 20:07 | Build | House |
| 20:08 | Build | House |
| 20:10 | Build | House |
| 20:11 | Build | House |
| 20:15 | Create | Villager (Male) |
| 20:28 | Create | Villager (Male) |
| 20:39 | Create | Villager (Male) |
| 20:40 | Create | Villager (Male) |
| 20:49 | Create | Villager (Male) |
| 20:52 | Build | Stable |
| 20:56 | Research | Scale Barding Armor |
| 20:58 | Research | Forging |
| 20:59 | Create | Villager (Male) |
| 21:07 | Build | House |
| 21:09 | Build | House |
| 21:10 | Create | Villager (Male) |
| 21:24 | Build | Castle |
| 21:34 | Build | Stable |
| 21:38 | Create | Villager (Male) |
| 21:39 | Create | Villager (Male) |
| 21:39 | Create | Villager (Male) |
| 21:39 | Create | Villager (Male) |
| 21:41 | Create | Villager (Male) |
| 21:54 | Create | Villager (Male) |
| 21:55 | Create | Villager (Male) |
| 21:55 | Create | Villager (Male) |
| 22:06 | Build | Stable |
| 22:09 | Research | Chain Barding Armor |
| 22:14 | Create | Villager (Male) |
| 22:39 | Research | Szlachta Privileges |
| 22:39 | Research | Szlachta Privileges |
| 22:48 | Build | Lumber Camp |
| 22:51 | Build | Farm |
| 22:54 | Build | Farm |
| 22:56 | Build | Farm |
| 23:02 | Create | Villager (Male) |
| 23:02 | Create | Villager (Male) |
| 23:07 | Build | Stable |
| 23:08 | Create | Villager (Male) |
Build order — daehiise
First 150 of 579 actions detected
| 0:00 | Create | Villager (Male) |
| 0:01 | Create | Villager (Male) |
| 0:01 | Create | Villager (Male) |
| 0:02 | Build | House |
| 0:03 | Build | House |
| 0:03 | Create | Villager (Male) |
| 1:37 | Create | Villager (Male) |
| 1:50 | Create | Villager (Male) |
| 1:56 | Build | Lumber Camp |
| 2:30 | Create | Villager (Male) |
| 2:31 | Create | Villager (Male) |
| 3:09 | Create | Villager (Male) |
| 3:09 | Create | Villager (Male) |
| 3:27 | Build | House |
| 3:28 | Build | House |
| 4:00 | Create | Villager (Male) |
| 4:25 | Build | Mill |
| 4:28 | Create | Villager (Male) |
| 4:30 | Create | Villager (Male) |
| 4:48 | Create | Villager (Male) |
| 5:29 | Create | Villager (Male) |
| 5:29 | Create | Villager (Male) |
| 6:03 | Build | House |
| 6:08 | Build | House |
| 6:11 | Create | Villager (Male) |
| 6:12 | Create | Villager (Male) |
| 6:15 | Build | Farm |
| 6:17 | Build | Farm |
| 6:24 | Create | Villager (Male) |
| 7:25 | Create | Villager (Male) |
| 7:25 | Create | Villager (Male) |
| 7:52 | Create | Villager (Male) |
| 8:11 | Build | Farm |
| 8:33 | Build | Mining Camp |
| 8:37 | Build | Mining Camp |
| 8:41 | Research | Feudal Age |
| 8:52 | Build | Farm |
| 9:52 | Build | Barracks |
| 10:02 | Create | Villager (Male) |
| 10:02 | Create | Villager (Male) |
| 10:56 | Age | Feudal Age |
| 11:03 | Build | Market |
| 11:23 | Build | Stable |
| 11:48 | Research | Loom |
| 11:52 | Create | Villager (Male) |
| 12:09 | Research | Castle Age |
| 12:12 | Create | Scout Cavalry |
| 12:38 | Build | Farm |
| 12:44 | Build | Farm |
| 12:50 | Create | Scout Cavalry |
| 13:06 | Build | Farm |
| 13:33 | Create | Villager (Male) |
| 13:35 | Create | Villager (Male) |
| 13:48 | Create | Scout Cavalry |
| 13:49 | Create | Villager (Male) |
| 14:06 | Create | Scout Cavalry |
| 14:40 | Create | Scout Cavalry |
| 14:53 | Research | Double-Bit Axe |
| 14:57 | Age | Castle Age |
| 14:57 | Research | Light Cavalry (upgrade) |
| 15:16 | Create | Villager (Male) |
| 15:24 | Build | Town Center |
| 15:28 | Create | Villager (Male) |
| 15:36 | Build | Monastery |
| 15:51 | Research | Horse Collar |
| 15:54 | Create | Villager (Male) |
| 15:58 | Build | Farm |
| 15:59 | Build | Farm |
| 16:18 | Create | Monk |
| 16:34 | Create | Villager (Male) |
| 16:37 | Create | Monk |
| 16:47 | Create | Villager (Male) |
| 17:06 | Create | Villager (Male) |
| 17:11 | Create | Villager (Male) |
| 17:31 | Create | Scout Cavalry |
| 17:36 | Build | Farm |
| 17:43 | Create | Villager (Male) |
| 17:45 | Build | Town Center |
| 17:47 | Create | Villager (Male) |
| 18:00 | Create | Villager (Male) |
| 18:18 | Create | Villager (Male) |
| 18:25 | Create | Villager (Male) |
| 18:30 | Build | Farm |
| 18:31 | Build | Farm |
| 18:37 | Create | Villager (Male) |
| 18:39 | Build | Farm |
| 18:39 | Build | Farm |
| 18:39 | Build | Farm |
| 18:39 | Build | Farm |
| 18:40 | Build | Farm |
| 18:40 | Build | Farm |
| 18:50 | Create | Villager (Male) |
| 18:55 | Build | House |
| 18:56 | Build | House |
| 18:57 | Build | House |
| 18:57 | Build | House |
| 18:58 | Create | Villager (Male) |
| 19:11 | Research | Loom |
| 19:14 | Research | Wheelbarrow |
| 19:23 | Create | Scout Cavalry |
| 19:28 | Create | Villager (Male) |
| 19:28 | Create | Villager (Male) |
| 19:40 | Create | Scout Cavalry |
| 19:47 | Build | Farm |
| 19:48 | Build | Farm |
| 19:48 | Build | Farm |
| 19:48 | Build | Farm |
| 19:48 | Build | Farm |
| 19:49 | Build | Farm |
| 19:54 | Create | Villager (Male) |
| 19:54 | Create | Villager (Male) |
| 20:08 | Create | Villager (Male) |
| 20:16 | Create | Scout Cavalry |
| 20:24 | Build | Farm |
| 20:25 | Build | Farm |
| 20:25 | Create | Villager (Male) |
| 20:27 | Build | Farm |
| 20:42 | Create | Scout Cavalry |
| 21:14 | Create | Scout Cavalry |
| 21:16 | Create | Villager (Male) |
| 21:16 | Create | Villager (Male) |
| 21:16 | Create | Villager (Male) |
| 21:17 | Create | Villager (Male) |
| 21:18 | Build | Farm |
| 21:18 | Build | Farm |
| 21:19 | Build | Farm |
| 21:19 | Build | Farm |
| 21:25 | Create | Villager (Male) |
| 21:26 | Build | Farm |
| 21:27 | Build | Farm |
| 21:33 | Create | Villager (Male) |
| 21:46 | Create | Villager (Male) |
| 22:11 | Create | Scout Cavalry |
| 22:11 | Create | Scout Cavalry |
| 22:12 | Create | Villager (Male) |
| 22:21 | Create | Villager (Male) |
| 22:27 | Build | Farm |
| 22:27 | Create | Villager (Male) |
| 22:39 | Create | Villager (Male) |
| 22:49 | Create | Villager (Male) |
| 22:57 | Create | Villager (Male) |
| 22:57 | Create | Villager (Male) |
| 22:59 | Research | Hand Cart |
| 23:04 | Build | Farm |
| 23:08 | Build | House |
| 23:09 | Build | House |
| 23:10 | Create | Villager (Male) |
| 23:12 | Create | Monk |
| 23:21 | Create | Villager (Male) |
| 23:23 | Create | Villager (Male) |
Build order — MLT | Anna Flank
First 150 of 612 actions detected
| 0:01 | Create | Villager (Male) |
| 0:02 | Create | Villager (Male) |
| 0:02 | Create | Villager (Male) |
| 0:03 | Build | House |
| 0:04 | Build | House |
| 0:20 | Create | Villager (Male) |
| 1:27 | Create | Villager (Male) |
| 1:46 | Build | Settlement |
| 1:57 | Create | Villager (Male) |
| 2:17 | Create | Villager (Male) |
| 2:18 | Create | Villager (Male) |
| 2:40 | Create | Villager (Male) |
| 3:10 | Create | Villager (Male) |
| 3:26 | Create | Villager (Male) |
| 4:01 | Create | Villager (Male) |
| 4:07 | Build | Settlement |
| 4:20 | Create | Villager (Male) |
| 4:55 | Create | Villager (Male) |
| 5:06 | Create | Villager (Male) |
| 5:26 | Create | Villager (Male) |
| 5:27 | Create | Villager (Male) |
| 5:56 | Create | Villager (Male) |
| 6:36 | Build | Settlement |
| 6:42 | Create | Villager (Male) |
| 7:28 | Create | Villager (Male) |
| 7:53 | Create | Villager (Male) |
| 8:12 | Create | Villager (Male) |
| 8:34 | Create | Villager (Male) |
| 8:49 | Build | Farm |
| 8:58 | Build | Farm |
| 9:01 | Build | Farm |
| 9:11 | Create | Villager (Male) |
| 9:17 | Build | Farm |
| 9:21 | Create | Villager (Male) |
| 9:35 | Research | Feudal Age |
| 9:46 | Build | Farm |
| 9:55 | Create | Villager (Male) |
| 9:55 | Create | Villager (Male) |
| 12:12 | Age | Feudal Age |
| 12:13 | Build | Market |
| 12:15 | Build | Blacksmith |
| 12:18 | Research | Double-Bit Axe |
| 12:51 | Build | House |
| 13:02 | Research | Castle Age |
| 13:10 | Build | House |
| 13:22 | Build | Outpost |
| 13:22 | Build | Outpost |
| 13:33 | Create | Spearman |
| 13:33 | Create | Spearman |
| 13:38 | Build | Farm |
| 13:50 | Research | Horse Collar |
| 13:53 | Build | Farm |
| 13:59 | Create | Spearman |
| 14:12 | Create | Villager (Male) |
| 14:28 | Create | Spearman |
| 14:28 | Create | Spearman |
| 14:32 | Create | Villager (Male) |
| 14:33 | Build | Farm |
| 14:53 | Create | Villager (Male) |
| 15:42 | Age | Castle Age |
| 15:43 | Create | Villager (Male) |
| 15:59 | Build | Castle |
| 16:11 | Build | Siege Workshop |
| 16:16 | Research | Bow Saw |
| 16:35 | Create | Villager (Male) |
| 16:36 | Build | House |
| 16:44 | Build | Farm |
| 16:50 | Create | Villager (Male) |
| 16:55 | Create | Mangonel |
| 16:59 | Create | Villager (Male) |
| 17:24 | Create | Kona |
| 17:25 | Create | Kona |
| 17:29 | Build | House |
| 17:34 | Build | Farm |
| 17:41 | Create | Kona |
| 17:54 | Create | Mangonel |
| 17:58 | Create | Kona |
| 17:59 | Create | Kona |
| 18:15 | Build | Farm |
| 18:17 | Create | Villager (Male) |
| 18:30 | Build | Farm |
| 18:31 | Create | Villager (Male) |
| 18:38 | Build | Farm |
| 18:41 | Build | Farm |
| 18:52 | Create | Mangonel |
| 19:04 | Research | Gold Mining |
| 19:17 | Create | Villager (Male) |
| 19:24 | Build | Farm |
| 19:30 | Build | Farm |
| 19:45 | Create | Villager (Male) |
| 19:45 | Create | Villager (Male) |
| 19:48 | Create | Mangonel |
| 19:59 | Create | Villager (Male) |
| 19:59 | Create | Villager (Male) |
| 20:23 | Build | Town Center |
| 20:26 | Create | Villager (Male) |
| 20:44 | Create | Villager (Male) |
| 21:13 | Create | Mangonel |
| 21:14 | Create | Mangonel |
| 21:26 | Create | Villager (Male) |
| 21:29 | Create | Villager (Male) |
| 21:46 | Create | Villager (Male) |
| 22:09 | Create | Villager (Male) |
| 22:11 | Create | Villager (Male) |
| 22:11 | Create | Villager (Male) |
| 22:26 | Create | Villager (Male) |
| 22:57 | Create | Villager (Male) |
| 22:58 | Build | Town Center |
| 23:00 | Create | Villager (Male) |
| 23:09 | Create | Kona |
| 23:21 | Create | Villager (Male) |
| 23:21 | Create | Villager (Male) |
| 23:22 | Build | Farm |
| 23:23 | Build | Farm |
| 23:35 | Create | Villager (Male) |
| 23:35 | Create | Villager (Male) |
| 23:38 | Build | House |
| 23:49 | Build | Farm |
| 23:49 | Build | Farm |
| 23:51 | Create | Villager (Male) |
| 24:04 | Create | Kona |
| 24:04 | Create | Kona |
| 24:09 | Build | House |
| 24:25 | Create | Kona |
| 24:33 | Create | Villager (Male) |
| 24:40 | Create | Mangonel |
| 24:40 | Create | Mangonel |
| 24:46 | Create | Villager (Male) |
| 24:57 | Build | House |
| 25:02 | Create | Villager (Male) |
| 25:17 | Create | Villager (Male) |
| 25:17 | Create | Villager (Male) |
| 25:17 | Create | Villager (Male) |
| 25:26 | Build | House |
| 25:29 | Build | Farm |
| 25:30 | Create | Villager (Male) |
| 25:31 | Create | Villager (Male) |
| 25:32 | Build | Town Center |
| 25:42 | Create | Villager (Male) |
| 25:44 | Build | Farm |
| 25:46 | Create | Villager (Male) |
| 25:48 | Build | Farm |
| 26:16 | Create | Battering Ram |
| 26:21 | Build | Outpost |
| 26:24 | Build | Outpost |
| 26:26 | Create | Villager (Male) |
| 26:26 | Create | Villager (Male) |
| 26:26 | Create | Villager (Male) |
| 26:33 | Build | Farm |
| 26:36 | Build | Settlement |
Build order — Tusky
First 150 of 546 actions detected
| 0:00 | Create | Villager (Male) |
| 0:01 | Create | Villager (Male) |
| 0:01 | Create | Villager (Male) |
| 0:02 | Build | House |
| 0:05 | Build | House |
| 0:13 | Create | Villager (Male) |
| 1:15 | Create | Villager (Male) |
| 1:46 | Create | Villager (Male) |
| 1:54 | Build | Lumber Camp |
| 2:04 | Create | Villager (Male) |
| 2:26 | Create | Villager (Male) |
| 3:20 | Research | Loom |
| 3:21 | Create | Villager (Male) |
| 3:24 | Create | Villager (Male) |
| 3:54 | Create | Villager (Male) |
| 4:11 | Build | House |
| 4:14 | Create | Villager (Male) |
| 4:27 | Build | Mill |
| 4:28 | Create | Villager (Male) |
| 5:00 | Build | House |
| 5:07 | Create | Villager (Male) |
| 5:34 | Create | Villager (Male) |
| 6:05 | Create | Villager (Male) |
| 6:11 | Create | Villager (Male) |
| 6:17 | Create | Villager (Male) |
| 6:24 | Build | Mining Camp |
| 7:03 | Build | Farm |
| 7:04 | Build | Farm |
| 7:15 | Build | Farm |
| 7:37 | Create | Villager (Male) |
| 7:38 | Create | Villager (Male) |
| 7:42 | Build | House |
| 8:15 | Create | Villager (Male) |
| 8:33 | Build | Farm |
| 8:58 | Research | Feudal Age |
| 9:12 | Create | Villager (Male) |
| 9:34 | Create | Villager (Male) |
| 10:16 | Age | Feudal Age |
| 10:20 | Build | Market |
| 10:42 | Build | Blacksmith |
| 10:51 | Create | Villager (Male) |
| 11:11 | Build | House |
| 11:32 | Create | Villager (Male) |
| 12:05 | Research | Castle Age |
| 12:24 | Build | House |
| 12:35 | Build | Farm |
| 12:36 | Build | Farm |
| 12:42 | Build | Farm |
| 12:55 | Research | Double-Bit Axe |
| 12:58 | Build | House |
| 13:17 | Build | Farm |
| 13:18 | Build | Farm |
| 13:34 | Build | House |
| 13:39 | Create | Villager (Male) |
| 13:40 | Create | Villager (Male) |
| 13:41 | Age | Castle Age |
| 14:08 | Create | Villager (Male) |
| 14:19 | Build | Town Center |
| 14:21 | Create | Villager (Male) |
| 14:24 | Create | Villager (Male) |
| 14:30 | Create | Villager (Male) |
| 14:54 | Create | Villager (Male) |
| 15:02 | Research | Bow Saw |
| 15:03 | Create | Villager (Male) |
| 15:18 | Create | Villager (Male) |
| 15:26 | Create | Villager (Male) |
| 15:29 | Research | Horse Collar |
| 15:33 | Create | Villager (Male) |
| 15:53 | Create | Villager (Male) |
| 15:56 | Create | Villager (Male) |
| 16:11 | Build | Town Center |
| 16:15 | Create | Villager (Male) |
| 16:18 | Create | Villager (Male) |
| 16:25 | Build | Town Center |
| 16:29 | Create | Villager (Male) |
| 16:44 | Build | Farm |
| 16:46 | Build | Farm |
| 16:51 | Build | Lumber Camp |
| 16:59 | Create | Villager (Male) |
| 17:03 | Build | Farm |
| 17:06 | Create | Villager (Male) |
| 17:13 | Build | Farm |
| 17:25 | Build | Farm |
| 17:26 | Create | Villager (Male) |
| 17:32 | Build | Farm |
| 17:33 | Create | Villager (Male) |
| 17:53 | Create | Villager (Male) |
| 17:59 | Build | Farm |
| 18:00 | Build | Farm |
| 18:01 | Build | Farm |
| 18:07 | Create | Villager (Male) |
| 18:10 | Build | Farm |
| 18:13 | Build | Farm |
| 18:14 | Create | Villager (Male) |
| 18:22 | Build | Farm |
| 18:24 | Create | Villager (Male) |
| 18:30 | Create | Villager (Male) |
| 18:39 | Create | Villager (Male) |
| 18:51 | Build | Town Center |
| 18:57 | Create | Villager (Male) |
| 18:58 | Build | Farm |
| 19:00 | Create | Villager (Male) |
| 19:06 | Build | Farm |
| 19:10 | Create | Villager (Male) |
| 19:14 | Build | House |
| 19:19 | Create | Villager (Male) |
| 19:20 | Build | House |
| 19:22 | Build | House |
| 19:22 | Build | House |
| 19:24 | Create | Villager (Male) |
| 19:26 | Create | Villager (Male) |
| 19:35 | Create | Villager (Male) |
| 19:41 | Build | Farm |
| 19:44 | Build | Farm |
| 19:47 | Create | Villager (Male) |
| 20:08 | Research | Wheelbarrow |
| 20:08 | Create | Villager (Male) |
| 20:11 | Build | House |
| 20:12 | Build | House |
| 20:20 | Build | Farm |
| 20:24 | Build | Farm |
| 20:27 | Build | Farm |
| 20:29 | Create | Villager (Male) |
| 20:32 | Build | Farm |
| 20:34 | Create | Villager (Male) |
| 20:40 | Build | Mining Camp |
| 20:41 | Create | Villager (Male) |
| 20:43 | Build | House |
| 20:45 | Build | House |
| 20:45 | Create | Villager (Male) |
| 20:49 | Build | Mining Camp |
| 20:51 | Create | Villager (Male) |
| 20:55 | Create | Villager (Male) |
| 21:01 | Create | Villager (Male) |
| 21:10 | Build | House |
| 21:11 | Create | Villager (Male) |
| 21:13 | Build | Mill |
| 21:13 | Build | Farm |
| 21:14 | Build | Farm |
| 21:14 | Build | Farm |
| 21:14 | Build | Farm |
| 21:15 | Build | Farm |
| 21:15 | Build | Farm |
| 21:15 | Build | Farm |
| 21:16 | Create | Villager (Male) |
| 21:29 | Research | Heavy Plow |
| 21:31 | Create | Villager (Male) |
| 21:33 | Create | Villager (Male) |
| 21:38 | Create | Villager (Male) |
| 21:44 | Build | House |
Build order — JB
First 150 of 393 actions detected
| 0:01 | Create | Villager (Male) |
| 0:02 | Build | House |
| 0:03 | Build | House |
| 0:04 | Create | Villager (Male) |
| 0:04 | Create | Villager (Male) |
| 0:09 | Create | Villager (Male) |
| 1:21 | Create | Villager (Male) |
| 1:49 | Build | Lumber Camp |
| 2:00 | Create | Villager (Male) |
| 2:03 | Create | Villager (Male) |
| 2:23 | Create | Villager (Male) |
| 2:23 | Create | Villager (Male) |
| 2:59 | Create | Villager (Male) |
| 3:09 | Create | Villager (Male) |
| 3:24 | Create | Villager (Male) |
| 3:29 | Build | House |
| 3:30 | Build | House |
| 4:12 | Create | Villager (Male) |
| 4:23 | Build | House |
| 4:30 | Build | Mill |
| 4:34 | Create | Villager (Male) |
| 4:34 | Create | Villager (Male) |
| 4:43 | Create | Villager (Male) |
| 5:00 | Create | Villager (Male) |
| 5:15 | Create | Villager (Male) |
| 5:28 | Create | Villager (Male) |
| 6:02 | Create | Villager (Male) |
| 6:07 | Create | Villager (Male) |
| 6:18 | Create | Villager (Male) |
| 6:56 | Build | Farm |
| 6:59 | Build | Farm |
| 7:11 | Create | Villager (Male) |
| 7:38 | Build | Mining Camp |
| 7:51 | Build | Farm |
| 8:17 | Research | Feudal Age |
| 10:44 | Create | Villager (Male) |
| 10:45 | Create | Villager (Male) |
| 10:56 | Age | Feudal Age |
| 11:01 | Build | Market |
| 11:03 | Build | Blacksmith |
| 11:18 | Build | Mining Camp |
| 11:40 | Research | Castle Age |
| 11:46 | Build | House |
| 12:00 | Research | Double-Bit Axe |
| 12:08 | Build | House |
| 12:51 | Create | Villager (Male) |
| 13:00 | Research | Horse Collar |
| 13:20 | Create | Villager (Male) |
| 14:26 | Age | Castle Age |
| 14:29 | Create | Villager (Male) |
| 14:31 | Build | Castle |
| 14:33 | Create | Villager (Male) |
| 14:41 | Create | Villager (Male) |
| 14:50 | Research | Bow Saw |
| 15:20 | Build | Siege Workshop |
| 15:22 | Research | Loom |
| 15:31 | Build | House |
| 15:35 | Build | House |
| 15:36 | Build | House |
| 15:37 | Create | Villager (Male) |
| 15:42 | Create | Mangonel |
| 16:08 | Build | Farm |
| 16:15 | Build | Farm |
| 16:15 | Create | Conquistador |
| 16:34 | Build | Gate |
| 16:40 | Build | Gate |
| 16:41 | Create | Villager (Male) |
| 16:42 | Build | Stone Wall |
| 16:45 | Build | Farm |
| 16:46 | Build | Farm |
| 16:55 | Build | House |
| 16:57 | Create | Villager (Male) |
| 17:06 | Build | Farm |
| 17:21 | Build | Farm |
| 17:23 | Build | Farm |
| 17:24 | Build | Farm |
| 17:30 | Create | Villager (Male) |
| 17:31 | Build | House |
| 17:57 | Create | Villager (Male) |
| 18:02 | Create | Villager (Male) |
| 18:15 | Build | Farm |
| 18:16 | Build | Farm |
| 18:17 | Build | Farm |
| 18:33 | Create | Villager (Male) |
| 18:44 | Create | Conquistador |
| 18:45 | Create | Villager (Male) |
| 19:03 | Create | Villager (Male) |
| 19:22 | Create | Villager (Male) |
| 19:26 | Create | Villager (Male) |
| 19:30 | Build | Town Center |
| 19:32 | Build | Farm |
| 19:37 | Create | Conquistador |
| 19:47 | Build | Farm |
| 19:59 | Create | Villager (Male) |
| 20:18 | Create | Conquistador |
| 20:24 | Create | Villager (Male) |
| 20:25 | Build | Farm |
| 20:28 | Build | Farm |
| 20:42 | Create | Conquistador |
| 21:05 | Create | Conquistador |
| 21:16 | Create | Villager (Male) |
| 21:23 | Create | Villager (Male) |
| 21:31 | Create | Villager (Male) |
| 21:32 | Build | Monastery |
| 21:33 | Create | Villager (Male) |
| 22:16 | Create | Villager (Male) |
| 22:20 | Create | Conquistador |
| 22:22 | Create | Villager (Male) |
| 22:23 | Build | Farm |
| 22:31 | Create | Villager (Male) |
| 22:34 | Build | Town Center |
| 22:36 | Create | Villager (Male) |
| 22:41 | Create | Missionary |
| 22:46 | Build | Farm |
| 22:46 | Build | Farm |
| 22:47 | Build | Farm |
| 22:50 | Create | Villager (Male) |
| 23:04 | Create | Villager (Male) |
| 23:07 | Build | Farm |
| 23:15 | Create | Villager (Male) |
| 23:24 | Build | Farm |
| 23:26 | Build | Farm |
| 23:34 | Create | Conquistador |
| 23:41 | Build | Farm |
| 23:43 | Build | Farm |
| 23:46 | Build | Farm |
| 23:48 | Create | Villager (Male) |
| 23:55 | Create | Villager (Male) |
| 24:02 | Create | Villager (Male) |
| 24:06 | Build | Farm |
| 24:07 | Create | Villager (Male) |
| 24:17 | Create | Villager (Male) |
| 24:28 | Create | Villager (Male) |
| 24:30 | Build | Farm |
| 24:31 | Build | Farm |
| 24:33 | Create | Villager (Male) |
| 24:34 | Create | Villager (Male) |
| 24:36 | Build | Lumber Camp |
| 24:37 | Create | Villager (Male) |
| 24:39 | Create | Villager (Male) |
| 24:50 | Create | Villager (Male) |
| 24:57 | Create | Villager (Male) |
| 24:58 | Build | Farm |
| 25:08 | Create | Villager (Male) |
| 25:12 | Build | Town Center |
| 25:14 | Create | Villager (Male) |
| 25:15 | Create | Conquistador |
| 25:15 | Create | Conquistador |
| 25:22 | Create | Villager (Male) |
| 25:23 | Build | Farm |
Build order — robo_boro
First 150 of 732 actions detected
| 0:01 | Create | Villager (Male) |
| 0:01 | Create | Villager (Male) |
| 0:01 | Create | Villager (Male) |
| 0:01 | Create | Villager (Male) |
| 0:01 | Create | Villager (Male) |
| 0:01 | Create | Villager (Male) |
| 0:01 | Create | Villager (Male) |
| 0:01 | Create | Villager (Male) |
| 0:02 | Build | House |
| 0:04 | Build | House |
| 1:23 | Build | Lumber Camp |
| 1:30 | Create | Villager (Male) |
| 1:30 | Create | Villager (Male) |
| 1:30 | Create | Villager (Male) |
| 1:50 | Create | Villager (Male) |
| 1:50 | Create | Villager (Male) |
| 2:20 | Create | Villager (Male) |
| 2:39 | Create | Villager (Male) |
| 2:39 | Create | Villager (Male) |
| 3:10 | Create | Villager (Male) |
| 3:10 | Create | Villager (Male) |
| 3:35 | Create | Villager (Male) |
| 3:35 | Create | Villager (Male) |
| 3:38 | Build | House |
| 3:40 | Build | House |
| 4:04 | Create | Villager (Male) |
| 4:04 | Create | Villager (Male) |
| 4:04 | Create | Villager (Male) |
| 4:04 | Create | Villager (Male) |
| 4:33 | Create | Villager (Male) |
| 4:38 | Build | House |
| 5:18 | Build | Mill |
| 5:19 | Create | Villager (Male) |
| 5:19 | Create | Villager (Male) |
| 6:00 | Create | Villager (Male) |
| 6:18 | Create | Villager (Male) |
| 6:53 | Create | Villager (Male) |
| 7:01 | Build | Mining Camp |
| 7:33 | Create | Villager (Male) |
| 7:58 | Research | Feudal Age |
| 7:58 | Research | Feudal Age |
| 8:46 | Create | Villager (Male) |
| 9:42 | Build | Farm |
| 9:45 | Build | Farm |
| 9:47 | Build | Farm |
| 9:51 | Build | Farm |
| 10:08 | Age | Feudal Age |
| 10:43 | Create | Villager (Male) |
| 10:46 | Build | Farm |
| 10:48 | Build | Farm |
| 11:17 | Research | Castle Age |
| 11:18 | Research | Castle Age |
| 12:35 | Research | Double-Bit Axe |
| 12:35 | Research | Gold Mining |
| 12:36 | Research | Gold Mining |
| 13:08 | Build | House |
| 13:47 | Create | Villager (Male) |
| 13:48 | Create | Villager (Male) |
| 13:57 | Age | Castle Age |
| 13:58 | Build | Siege Workshop |
| 14:02 | Build | Siege Workshop |
| 14:08 | Create | Villager (Male) |
| 14:40 | Create | Battering Ram |
| 14:43 | Create | Scorpion |
| 14:45 | Build | House |
| 14:49 | Create | Villager (Male) |
| 15:00 | Create | Villager (Male) |
| 15:12 | Create | Battering Ram |
| 15:29 | Create | Scorpion |
| 15:35 | Create | Villager (Male) |
| 15:36 | Create | Villager (Male) |
| 15:53 | Create | Villager (Male) |
| 16:06 | Build | Monastery |
| 16:31 | Create | Scorpion |
| 16:52 | Create | Monk |
| 16:55 | Create | Battering Ram |
| 16:56 | Build | House |
| 17:03 | Create | Villager (Male) |
| 17:25 | Create | Villager (Male) |
| 17:27 | Build | Lumber Camp |
| 17:28 | Create | Villager (Male) |
| 17:37 | Build | House |
| 18:03 | Create | Scorpion |
| 18:03 | Create | Scorpion |
| 18:12 | Create | Villager (Male) |
| 18:13 | Create | Villager (Male) |
| 18:33 | Build | Town Center |
| 18:36 | Build | Farm |
| 18:36 | Build | Farm |
| 18:51 | Create | Monk |
| 18:58 | Research | Horse Collar |
| 18:58 | Research | Horse Collar |
| 19:31 | Create | Villager (Male) |
| 19:31 | Create | Villager (Male) |
| 19:31 | Create | Villager (Male) |
| 19:40 | Create | Villager (Male) |
| 19:43 | Build | Town Center |
| 20:04 | Create | Villager (Male) |
| 20:09 | Build | Farm |
| 20:09 | Build | Farm |
| 20:10 | Build | Farm |
| 20:10 | Build | Farm |
| 20:10 | Build | Farm |
| 20:10 | Build | Farm |
| 20:26 | Build | Farm |
| 20:27 | Build | Farm |
| 20:45 | Create | Villager (Male) |
| 20:46 | Create | Villager (Male) |
| 20:49 | Build | Farm |
| 20:51 | Build | Farm |
| 21:16 | Create | Villager (Male) |
| 21:16 | Create | Villager (Male) |
| 21:42 | Create | Villager (Male) |
| 21:43 | Create | Villager (Male) |
| 21:46 | Build | Farm |
| 21:47 | Build | Farm |
| 21:51 | Build | Farm |
| 21:52 | Build | Farm |
| 21:52 | Build | Farm |
| 21:54 | Create | Villager (Male) |
| 21:54 | Create | Villager (Male) |
| 21:54 | Create | Villager (Male) |
| 22:17 | Create | Villager (Male) |
| 22:17 | Create | Villager (Male) |
| 22:24 | Build | Farm |
| 22:27 | Build | Farm |
| 22:28 | Create | Villager (Male) |
| 22:28 | Create | Villager (Male) |
| 22:28 | Create | Villager (Male) |
| 22:30 | Build | Farm |
| 22:32 | Build | Farm |
| 22:32 | Build | Farm |
| 22:33 | Build | Farm |
| 22:37 | Create | Villager (Male) |
| 22:44 | Create | Villager (Male) |
| 22:44 | Create | Villager (Male) |
| 22:57 | Create | Villager (Male) |
| 22:59 | Build | Market |
| 23:07 | Research | Town Watch |
| 23:08 | Research | Town Watch |
| 23:14 | Create | Villager (Male) |
| 23:17 | Create | Villager (Male) |
| 23:20 | Build | Mining Camp |
| 23:22 | Create | Villager (Male) |
| 23:24 | Build | Farm |
| 23:28 | Create | Villager (Male) |
| 23:31 | Build | House |
| 23:35 | Create | Villager (Male) |
| 23:39 | Create | Villager (Male) |
| 23:41 | Build | Farm |
Build order — Mettiu
First 150 of 476 actions detected
| 0:01 | Create | Villager (Male) ×4 |
| 0:02 | Build | House |
| 0:04 | Build | House |
| 1:26 | Create | Villager (Male) |
| 1:45 | Build | Lumber Camp |
| 1:53 | Create | Villager (Male) |
| 2:10 | Create | Villager (Male) |
| 2:25 | Create | Villager (Male) |
| 2:55 | Create | Villager (Male) |
| 3:19 | Create | Villager (Male) |
| 4:00 | Create | Villager (Male) |
| 4:10 | Build | Mill |
| 4:26 | Create | Villager (Male) |
| 4:40 | Build | House |
| 4:42 | Research | Loom |
| 4:46 | Create | Villager (Male) |
| 4:54 | Build | House |
| 4:54 | Build | House |
| 5:05 | Create | Villager (Male) |
| 5:34 | Create | Villager (Male) |
| 6:00 | Create | Villager (Male) |
| 6:18 | Create | Villager (Male) |
| 6:21 | Create | Villager (Male) |
| 6:21 | Create | Villager (Male) |
| 6:33 | Create | Villager (Male) |
| 6:43 | Create | Villager (Male) |
| 7:04 | Create | Villager (Male) |
| 9:09 | Research | Feudal Age |
| 9:09 | Research | Feudal Age |
| 9:09 | Research | Feudal Age |
| 9:17 | Create | Villager (Male) |
| 9:17 | Create | Villager (Male) |
| 9:23 | Research | Feudal Age |
| 9:26 | Build | Mining Camp |
| 9:31 | Build | Farm |
| 9:33 | Build | Farm |
| 9:57 | Build | Farm |
| 9:58 | Build | Farm |
| 10:08 | Build | Farm |
| 10:09 | Build | Farm |
| 10:58 | Create | Villager (Male) |
| 10:58 | Create | Villager (Male) |
| 12:17 | Age | Feudal Age |
| 12:18 | Build | Market |
| 12:20 | Build | Blacksmith |
| 13:03 | Research | Castle Age |
| 13:10 | Build | Farm |
| 13:12 | Research | Double-Bit Axe |
| 13:12 | Research | Horse Collar |
| 14:03 | Build | House |
| 14:30 | Create | Villager (Male) |
| 15:47 | Age | Castle Age |
| 15:48 | Build | Town Center |
| 15:52 | Build | Town Center |
| 15:55 | Build | Town Center |
| 15:59 | Build | Town Center |
| 16:03 | Research | Bow Saw |
| 16:03 | Research | Heavy Plow |
| 16:04 | Research | Heavy Plow |
| 16:07 | Research | Wheelbarrow |
| 16:38 | Build | Farm |
| 16:48 | Build | Farm |
| 17:02 | Create | Villager (Male) |
| 17:02 | Create | Villager (Male) |
| 17:09 | Build | Farm |
| 17:12 | Create | Villager (Male) |
| 17:15 | Build | Farm |
| 17:19 | Create | Villager (Male) ×4 |
| 17:28 | Build | Farm |
| 17:30 | Build | Farm |
| 17:40 | Create | Villager (Male) |
| 17:43 | Build | Farm |
| 17:48 | Build | Farm |
| 17:51 | Create | Villager (Male) |
| 17:56 | Build | Farm |
| 17:58 | Build | Farm |
| 17:59 | Create | Villager (Male) |
| 18:04 | Build | House |
| 18:08 | Build | Farm |
| 18:09 | Create | Villager (Male) |
| 18:24 | Create | Villager (Male) |
| 18:24 | Create | Villager (Male) |
| 18:25 | Create | Villager (Male) |
| 18:33 | Build | Siege Workshop |
| 18:42 | Create | Villager (Male) ×2 |
| 18:52 | Create | Villager (Male) |
| 18:56 | Build | House |
| 19:04 | Build | House |
| 19:05 | Create | Villager (Male) ×2 |
| 19:21 | Create | Villager (Male) |
| 19:21 | Create | Villager (Male) |
| 19:22 | Create | Villager (Male) |
| 19:25 | Build | Farm |
| 19:27 | Build | Farm |
| 19:30 | Build | Farm |
| 19:32 | Build | Farm |
| 19:34 | Create | Villager (Male) ×2 |
| 19:44 | Create | Villager (Male) |
| 19:48 | Build | House |
| 19:59 | Create | Mangonel |
| 19:59 | Create | Mangonel |
| 20:14 | Build | House |
| 20:15 | Build | House |
| 20:19 | Build | House |
| 20:21 | Build | House |
| 20:23 | Create | Villager (Male) |
| 20:27 | Build | House |
| 20:30 | Build | House |
| 20:32 | Create | Villager (Male) ×5 |
| 20:35 | Create | Villager (Male) |
| 20:37 | Build | Farm |
| 20:41 | Create | Villager (Male) |
| 20:45 | Build | Farm |
| 20:47 | Build | Farm |
| 20:53 | Create | Mangonel |
| 20:53 | Create | Mangonel |
| 20:58 | Build | Farm |
| 20:58 | Build | Farm |
| 21:07 | Create | Villager (Male) |
| 21:07 | Create | Villager (Male) |
| 21:07 | Create | Villager (Male) |
| 21:09 | Build | Farm |
| 21:24 | Create | Villager (Male) |
| 21:32 | Create | Villager (Male) |
| 21:33 | Create | Villager (Male) |
| 21:33 | Create | Villager (Male) |
| 21:46 | Create | Villager (Male) ×3 |
| 21:55 | Create | Villager (Male) |
| 22:08 | Create | Villager (Male) ×2 |
| 22:16 | Create | Villager (Male) |
| 22:21 | Build | Farm |
| 22:22 | Build | Farm |
| 22:24 | Build | House |
| 22:25 | Build | House |
| 22:25 | Build | House |
| 22:31 | Create | Villager (Male) |
| 22:34 | Build | Farm |
| 22:35 | Build | Farm |
| 22:36 | Build | Mining Camp |
| 22:38 | Create | Villager (Male) |
| 22:47 | Create | Villager (Male) |
| 22:49 | Build | Farm |
| 22:51 | Build | Farm |
| 22:52 | Build | Farm |
| 22:54 | Build | Farm |
| 22:54 | Create | Villager (Male) |
| 23:04 | Create | Villager (Male) |
| 23:05 | Build | House |
| 23:06 | Build | House |
| 23:06 | Create | Villager (Male) |
Match timeline
| 9:52 | daehiise · first_building Barracks |
| 10:08 | robo_boro · age_up feudal |
| 10:16 | Tusky · age_up feudal |
| 10:56 | daehiise · age_up feudal |
| 10:56 | JB · age_up feudal |
| 10:56 | Kiwi · age_up feudal |
| 11:22 | Mandrake · age_up feudal |
| 11:23 | daehiise · first_building Stable |
| 11:35 | Tusky · first_market_buy 100 food |
| 11:40 | Tusky · first_market_sell 100 wood |
| 12:12 | MLT | Anna Flank · age_up feudal |
| 12:17 | Mettiu · age_up feudal |
| 12:40 | Kiwi · first_building Barracks |
| 13:41 | Tusky · age_up castle |
| 13:57 | robo_boro · age_up castle |
| 13:58 | robo_boro · first_building Siege Workshop |
| 14:26 | JB · age_up castle |
| 14:26 | Kiwi · age_up castle |
| 14:31 | JB · first_building Castle |
| 14:35 | Kiwi · first_building Siege Workshop |
| 14:41 | Kiwi · first_building Monastery |
| 14:57 | daehiise · age_up castle |
| 15:03 | Mandrake · age_up castle |
| 15:20 | JB · first_building Siege Workshop |
| 15:36 | daehiise · first_building Monastery |
| 15:42 | MLT | Anna Flank · age_up castle |
| 15:47 | Mettiu · age_up castle |
| 15:58 | Mettiu · first_market_buy 100 stone |
| 15:59 | MLT | Anna Flank · first_building Castle |
| 16:06 | robo_boro · first_building Monastery |
| 16:11 | MLT | Anna Flank · first_building Siege Workshop |
| 16:42 | JB · wall_segment Stone Wall x1 |
| 18:33 | Mettiu · first_building Siege Workshop |
| 18:43 | JB · first_market_sell 100 wood |
| 18:43 | JB · first_market_buy 100 food |
| 19:09 | Kiwi · first_market_sell 100 stone |
| 19:10 | Kiwi · first_market_buy 100 wood |
| 19:19 | Mettiu · first_market_sell 100 wood |
| 19:27 | daehiise · first_market_buy 100 food |
| 19:28 | Mandrake · first_building Barracks |
| 20:52 | Mandrake · first_building Stable |
| 21:24 | Mandrake · first_building Castle |
| 21:32 | JB · first_building Monastery |
| 23:02 | Mandrake · first_market_buy 100 food |
| 23:10 | Mettiu · first_building Monastery |
| 23:46 | Tusky · first_building Monastery |
| 23:53 | robo_boro · first_market_buy 100 food |
| 24:41 | daehiise · wall_segment Stone Wall x1 |
| 24:43 | daehiise · wall_segment Stone Wall x1 |
| 25:03 | Tusky · first_building Barracks |
| 25:14 | daehiise · wall_segment Stone Wall x3 |
| 26:28 | MLT | Anna Flank · first_market_buy 100 food |
| 26:36 | Tusky · wall_segment Stone Wall x1 |
| 26:37 | Tusky · wall_segment Stone Wall x1 |
| 26:41 | Mettiu · first_building Castle |
| 26:55 | daehiise · first_market_sell 500 food |
| 27:02 | MLT | Anna Flank · first_building Barracks |
| 27:12 | Tusky · first_building Castle |
| 27:23 | robo_boro · first_building Archery Range |
| 27:23 | Tusky · age_up imperial |
| 27:53 | MLT | Anna Flank · wall_segment Stone Wall x1 |
| 27:53 | Mettiu · first_building Barracks |
| 28:02 | MLT | Anna Flank · first_building Archery Range |
| 28:11 | Mandrake · first_market_sell 100 food |
| 28:27 | daehiise · first_building Siege Workshop |
| 28:50 | Tusky · first_building Siege Workshop |
| 28:55 | robo_boro · first_building Castle |
| 29:28 | robo_boro · first_market_sell 100 food |
| 29:30 | JB · first_building Barracks |
| 29:48 | daehiise · first_building Castle |
| 30:08 | robo_boro · age_up imperial |
| 30:11 | MLT | Anna Flank · first_market_sell 100 wood |
| 30:26 | Mettiu · age_up imperial |
| 30:53 | daehiise · age_up imperial |
| 31:27 | Tusky · first_building Archery Range |
| 31:33 | Mandrake · age_up imperial |
| 32:04 | robo_boro · first_building Stable |
| 32:23 | MLT | Anna Flank · wall_segment Stone Wall x18 |
| 32:41 | JB · first_building Stable |
| 33:17 | robo_boro · wall_segment Stone Wall x6 |
| 33:29 | Kiwi · age_up imperial |
| 34:22 | MLT | Anna Flank · wall_segment Stone Wall x1 |
| 34:36 | MLT | Anna Flank · wall_segment Stone Wall x1 |
| 34:37 | MLT | Anna Flank · wall_segment Stone Wall x1 |
| 35:10 | JB · age_up imperial |
| 35:29 | Tusky · tribute_sent a jugador 1 |
| 35:29 | Tusky · tribute_sent a jugador 2 |
| 35:29 | Tusky · tribute_sent a jugador 3 |
| 35:29 | Tusky · tribute_sent a jugador 5 |
| 35:29 | Tusky · tribute_sent a jugador 6 |
| 35:29 | Tusky · tribute_sent a jugador 7 |
| 35:29 | Tusky · tribute_sent a jugador 8 |
| 35:37 | Kiwi · first_building Castle |
| 36:37 | MLT | Anna Flank · wall_segment Stone Wall x8 |
| 38:26 | Mandrake · first_building Siege Workshop |
| 39:08 | Mettiu · wall_segment Palisade Wall x1 |
| 39:29 | MLT | Anna Flank · wall_segment Stone Wall x12 |
| 39:35 | MLT | Anna Flank · wall_segment Stone Wall x7 |
| 40:11 | MLT | Anna Flank · wall_segment Stone Wall x4 |
| 40:53 | Kiwi · tribute_sent a jugador 1 |
| 40:53 | Kiwi · tribute_sent a jugador 2 |
| 40:53 | Kiwi · tribute_sent a jugador 3 |
| 40:53 | Kiwi · tribute_sent a jugador 4 |
| 40:53 | Kiwi · tribute_sent a jugador 5 |
| 40:53 | Kiwi · tribute_sent a jugador 6 |
| 40:53 | Kiwi · tribute_sent a jugador 7 |
| 40:54 | MLT | Anna Flank · wall_segment Stone Wall x8 |
| 40:54 | MLT | Anna Flank · wall_segment Stone Wall x7 |
| 40:57 | Tusky · tribute_sent a jugador 1 |
| 40:57 | Tusky · tribute_sent a jugador 2 |
| 40:57 | Tusky · tribute_sent a jugador 3 |
| 40:57 | Tusky · tribute_sent a jugador 5 |
| 40:57 | Tusky · tribute_sent a jugador 6 |
| 40:57 | Tusky · tribute_sent a jugador 7 |
| 40:57 | Tusky · tribute_sent a jugador 8 |
| 41:30 | MLT | Anna Flank · wall_segment Stone Wall x3 |
| 41:49 | MLT | Anna Flank · wall_segment Stone Wall x5 |
| 42:37 | JB · tribute_sent a jugador 1 |
| 42:38 | JB · tribute_sent a jugador 2 |
| 42:38 | JB · tribute_sent a jugador 3 |
| 42:38 | JB · tribute_sent a jugador 4 |
| 42:38 | JB · tribute_sent a jugador 6 |
| 42:38 | JB · tribute_sent a jugador 7 |
| 42:38 | JB · tribute_sent a jugador 8 |
| 43:28 | MLT | Anna Flank · wall_segment Stone Wall x3 |
| 43:31 | MLT | Anna Flank · wall_segment Stone Wall x11 |
| 44:56 | JB · tribute_sent a jugador 1 |
| 44:56 | JB · tribute_sent a jugador 2 |
| 44:56 | JB · tribute_sent a jugador 3 |
| 44:56 | JB · tribute_sent a jugador 4 |
| 44:56 | JB · tribute_sent a jugador 6 |
| 44:56 | JB · tribute_sent a jugador 7 |
| 44:56 | JB · tribute_sent a jugador 8 |
| 46:01 | MLT | Anna Flank · age_up imperial |
| 46:13 | MLT | Anna Flank · wall_segment Stone Wall x1 |
| 46:50 | Mandrake · wall_segment Stone Wall x1 |
| 47:04 | Kiwi · tribute_sent a jugador 1 |
| 47:04 | Kiwi · tribute_sent a jugador 2 |
| 47:04 | Kiwi · tribute_sent a jugador 3 |
| 47:04 | Kiwi · tribute_sent a jugador 4 |
| 47:04 | Kiwi · tribute_sent a jugador 5 |
| 47:04 | Kiwi · tribute_sent a jugador 6 |
| 47:04 | Kiwi · tribute_sent a jugador 7 |
| 47:27 | MLT | Anna Flank · wall_segment Stone Wall x4 |
| 47:38 | daehiise · wall_segment Stone Wall x1 |
| 47:39 | daehiise · wall_segment Stone Wall x1 |
| 47:40 | daehiise · wall_segment Stone Wall x1 |
| 48:15 | MLT | Anna Flank · wall_segment Stone Wall x7 |
| 48:24 | MLT | Anna Flank · wall_segment Stone Wall x5 |
| 48:55 | daehiise · resign |
[ AI ANALYSIS · 1 CREDIT ]
What really happened in this match?
Wolo.gg analyzes every decision: build order, eco, micro, common mistakes by bracket. Personalized analysis on WhatsApp or Discord in 30 seconds.
Civ guide
Celts
Perfil
Kiwi